 Dungeon Crawl Stone Soup version 0.30-a0-1043-g60ff8d5f49 (webtiles) character file.

Game seed: 15263402878170669658

7995 Implojin the Grappler (level 11, -1/90 HPs)
             Began as a Mummy Chaos Knight on Apr 10, 2023.
             Was a Plaything of Xom.
             Slain by a harpy (10 damage)
             ... on level 10 of the Dungeon.
             The game lasted 00:34:01 (12719 turns).

Implojin the Grappler (Mummy Chaos Knight)         Turns: 12719, Time: 00:34:01

Health: -1/90      AC: 11    Str: 17    XL:     11   Next: 4%
Magic:  0/11       EV: 10    Int: 13    God:    Xom [.....*]
Gold:   714        SH:  0    Dex: 13    Spells: 10/10 levels left

rFire   + . .      SeeInvis .      - Unarmed
rCold   + . .      Faith    +    (no shield)
rNeg    + + +      Spirit   +    B - +0 ring mail {rF+}
rPois   ∞          Reflect  .    (no helmet)
rElec   .          Rampage  +    j - +1 cloak
rCorr   .                        m - +0 pair of gloves
Will    ++...                    r - +2 pair of boots {rampage}
Stlth   +                        G - amulet of guardian spirit
HPRegen 0.35/turn                l - ring of willpower
MPRegen 0.12/turn                x - ring of protection from fire

@: about to teleport
A: cold resistance 1, negative energy resistance 3, torment resistance 2, heat
vulnerability 1, in touch with death 1, no potions, faith
a: Renounce Religion


You were on level 10 of the Dungeon.
You worshipped Xom.
You were Xom's teddy bear.
You visited 1 branch of the dungeon, and saw 10 of its levels.
You also visited: Ossuary.

You collected 714 gold pieces.

Inventory:

Hand Weapons
 f - a +2 dagger of venom
 s - a +3 short sword of freezing
 u - a +0 rapier
 w - a +5 whip of freezing
Missiles
 d - 94 stones (quivered)
 A - 9 poisoned darts
Armour
 j - a +1 cloak (worn)
 m - a +0 pair of gloves (worn)
 r - a +2 pair of boots of rampaging (worn)
 t - a +0 kite shield
 z - a +0 leather armour of willpower
 B - a +0 ring mail of fire resistance (worn)
Magical Staves
 b - a staff of conjuration
Jewellery
 l - a ring of willpower (left hand)
 q - a +6 ring of intelligence
 x - a ring of protection from fire (right hand)
 G - an amulet of guardian spirit (around neck)
Wands
 k - a wand of flame (43)
Scrolls
 g - a scroll of brand weapon
 v - 3 scrolls of immolation
 y - 2 scrolls of identify
 H - 2 scrolls of vulnerability
Miscellaneous
 c - a piece from Xom's chessboard (10/15)


   Skills:
 * Level 10.0 Fighting
 - Level 2.4 Polearms
 - Level 1.5 Armour
 - Level 0.7 Dodging
 - Level 12.0 Unarmed Combat


You had 10 spell levels left.
You didn't know any spells.
Your spell library contained the following spells:

 Spells                   Type           Power      Damage    Failure   Level
 Apportation              Tloc           0%         N/A       50%         1
 Magic Dart               Conj           0%         1d3       50%         1
 Necrotise                Necr           0%         1d4       50%         1
 Shock                    Conj/Air       0%         1d3       50%         1
 Summon Small Mammal      Summ           0%         N/A       50%         1
 Cigotuvi's Dreadful Rot  Necr/Pois/Air  0%         N/A       63%         2
 Ignite Poison            Fire/Tmut/Pois 0%         N/A       86%         3
 Portal Projectile        Hex/Tloc       0%         N/A       86%         3
 Swiftness                Air            0%         N/A       86%         3
 Tukima's Dance           Hex            0%         N/A       86%         3
 Airstrike                Air            0%         2d(0-16)  99%         4
 Passage of Golubria      Tloc           0%         N/A       99%         4
 Freezing Cloud           Conj/Ice/Air   0%         6-21      100%        5
 Yara's Violent Unravell  Hex/Tmut       0%         3d3       100%        5
 Blade Hands              Tmut           Unusable   N/A       N/A         5

Dungeon Overview and Level Annotations

Branches:
Dungeon (10/15)            Temple (0/1) D:6            Lair (0/5) D:9
Ossuary (visited)
    Orc: D:9-12

Altars:
Kikubaaqudgha
Nemelex Xobeh
Okawaru
Qazlal
Sif Muna
Vehumet
Xom
Yredelemnul

Annotations:
D:10 Joseph, Nergalle


Innate Abilities, Weirdness & Mutations

You are immune to poison.
Your flesh is cold resistant. (rC+)
You are immune to negative energy. (rN+++)
You are immune to unholy pain and torment.
You are vulnerable to heat. (rF-)
You are in touch with the powers of death.
You do not drink.
You have a special connection with the divine. (Faith)


Message History

You closely miss the harpy. You punch the harpy!
The harpy is lightly wounded.
The harpy misses you. The harpy claws you!
The harpy claws you but does no damage. The harpy closely misses you.
The harpy claws the yak!!
The yak dies!
You closely miss the harpy.
The harpy is lightly wounded.
The harpy claws the yak. x2
The harpy screeches!
The harpy claws you! The harpy claws you.
The yak gores the harpy.
The harpy claws the yak!!
The harpy claws the yak!
The yak dies!
Your Fighting skill increases to level 10!
You punch the harpy!
The harpy is heavily wounded.
The harpy claws you! The harpy completely misses you. x2
The harpy claws you but does no damage.
The harpy screeches!
The harpy claws you. The harpy claws you!
You punch the butterfly!
You kill the butterfly!
The butterfly disappears in a puff of smoke!
The harpy claws you. The harpy barely misses you.
Okay, then.
You can't drink.
Unknown command.
Okay, then.
Okay, then.
As you read the scroll of teleportation, it crumbles to dust.
You feel strangely unstable. The harpy barely misses you.
The harpy claws you. x2
The harpy claws you but does no damage.
Unknown command.
Unknown command.
You see here a +0 leather armour.
The harpy attacks as you move away! The harpy claws you!
The harpy claws you but does no damage. The harpy claws you.
The harpy claws you!
You die... "This toy is broken."

#########
#......)#
#.#####.#
######### #.#
#.######.b@H...#
#.#
#....._..#####_#
#.# #.########
#.# ########
#.#####.#
#.#####......#
#.......#
#..>....#..#
####.####
#.#####YY..# #.#
#.# ##.#.#z #)#
#.# .Y... #.#
#.# #####Y###


You could see a neutral harpy (fast, strong, insane).

Vanquished Creatures
  Sonja (D:10)
  A polar bear (D:8)
  Grinder (D:6)
  A blink frog (D:6)
  5 slime creatures
  A fire bat (D:6)
  A golden eye (D:7)
  4 yaks
  A steam dragon (D:9)
  2 wargs (D:9)
  4 water moccasins
  2 orc warriors
  3 ice beasts
  5 black bears
  A sky beast (D:6)
  2 ogres
  6 centaurs
  A kobold brigand (D:7)
  3 bullfrogs
  3 scorpions
  8 wights
  3 killer bees (D:8)
  A howler monkey (D:8)
  5 hounds
  2 gnoll boudas
  8 orc priests
  An iguana (D:7)
  7 orc wizards
  2 sleepcaps
  8 mummies (Ossuary)
  A killer bee simulacrum (D:8)
  9 gnolls
  7 adders
  2 shadow imps (D:7)
  3 white imps
  2 ufetubi
  6 dart slugs
  35 orcs
  5 ball pythons
  10 bats
  9 endoplasms
  3 giant cockroaches
  3 gnoll zombies (Ossuary)
  14 goblins
  5 hobgoblins
  4 jackals
  16 kobolds
  3 quokkas
  7 frilled lizards (D:1)
  A goblin zombie (D:8)
  2 hobgoblin zombies (Ossuary)
  3 orc zombies (Ossuary)
  3 rats
  A rat zombie (D:8)
  A bush (D:7)
248 creatures vanquished.

Vanquished Creatures (collateral kills)
  3 yaks (D:10)
  A water moccasin (D:7)
  A scorpion (D:6)
  A howler monkey (D:9)
  2 bushes (D:7)
8 creatures vanquished.

Vanquished Creatures (others)
  A slime creature (D:9)
  2 ice beasts (D:8)
  A scorpion (D:6)
  A hound (D:6)
  A centaur simulacrum (D:8)
  An adder (D:6)
  An orc (D:6)
  4 fungi (D:6)
  11 plants
23 creatures vanquished.

Grand Total: 279 creatures vanquished

Notes
Turn   | Place    | Note
-------+----------+-------------------------------------------
     0 | D:1      | Implojin the Mummy Chaos Knight began the quest for the
                  | Orb.
     0 | D:1      | Reached XP level 1. HP: 18/18 MP: 1/1
    80 | D:1      | Reached skill level 1 in Unarmed Combat
   111 | D:1      | Reached XP level 2. HP: 24/24 MP: 2/2
   113 | D:1      | XOM: silly message
   229 | D:1      | Reached skill level 2 in Unarmed Combat
   284 | D:1      | Gained mutation: You are in touch with the powers of death.
                  | [Mummy growth]
   284 | D:1      | Reached XP level 3. HP: 28/29 MP: 3/3
   332 | D:1      | XOM: 5-stop teleportation journey
   463 | D:1      | XOM: 4-stop teleportation journey
   881 | D:1      | XOM: cast spell 'Olgreb's Toxic Radiance'
  1087 | D:2      | Reached skill level 3 in Unarmed Combat
  1087 | D:2      | Reached XP level 4. HP: 35/35 MP: 4/4
  1089 | D:2      | XOM: divination: detect items
  1097 | D:2      | XOM: divination: detect creatures
  1170 | D:2      | You fall into a shaft and drop 1 floor!
  1170 | D:2      | Danger: Shafted! |T3| Reason: Shafted!
  1312 | D:3      | XOM: divination: detect items
  1321 | D:3      | Found a stormy altar of Qazlal.
  1361 | D:3      | XOM: cloud trail
  1382 | D:3      | XOM: silly message
  1636 | D:2      | XOM: god gift: leather armour {god gift}
  1750 | D:2      | Found an ancient bone altar of Kikubaaqudgha.
  2151 | D:2      | XOM: divination: detect items
  2283 | D:3      | XOM: silly message
  2361 | D:3      | Danger: orc wizard |T2| Reason: OOD monster, careful!
  2368 | D:3      | Danger: orc wizard |T2| Reason: OOD monster, careful!
  2376 | D:3      | Reached XP level 5. HP: 36/41 MP: 5/5
  2425 | D:3      | Reached skill level 4 in Unarmed Combat
  2613 | D:3      | Found a faded altar of an unknown god.
  2670 | D:4      | XOM: noise
  2675 | D:4      | Found a radiant altar of Vehumet.
  2680 | D:4      | Got Vehumet's Secrets of Energy
  2682 | D:4      | Found an ancient bone altar of Kikubaaqudgha.
  2683 | D:4      | Found a shimmering blue altar of Sif Muna.
  3112 | D:4      | XOM: stat loss: -1 Int (11/12)
  3132 | D:4      | XOM: summons 1 hostile demon
  3158 | D:4      | Noticed an ogre
  3162 | D:4      | XOM: chaos upgrade
  3165 | D:4      | XOM: fog
  3465 | D:4      | XOM: stat loss: -1 Str (14/15)
  3475 | D:4      | XOM: swap monsters
  3476 | D:4      | XOM: enchant monster (bad)
  3512 | D:4      | Danger: Low HP Warning |T2| Reason: 56% HP (23/41)
  3514 | D:4      | Danger: Low HP Warning |T2| Reason: 56% HP (23/41)
  3515 | D:4      | Danger: Low HP Warning |T2| Reason: 56% HP (23/41)
  3516 | D:4      | Danger: Low HP Warning |T2| Reason: 58% HP (24/41)
  3517 | D:4      | Danger: Low HP Warning |T2| Reason: 58% HP (24/41)
  3518 | D:4      | Danger: Low HP Warning |T2| Reason: 46% HP (19/41)
  3519 | D:4      | Danger: Low HP Warning |T2| Reason: 48% HP (20/41)
  3520 | D:4      | Danger: Low HP Warning |T2| Reason: 36% HP (15/41)
  3521 | D:4      | Danger: Low HP Warning |T2| Reason: 36% HP (15/41)
  3522 | D:4      | Danger: Low HP Warning |T2| Reason: 36% HP (15/41)
  3523 | D:4      | Danger: Low HP Warning |T2| Reason: 39% HP (16/41)
  3611 | D:4      | XOM: cloud trail
  3797 | D:4      | XOM: god gift: fuming silvery potion {god gift}
  3809 | D:4      | XOM: noise
  3950 | D:5      | Entered Level 5 of the Dungeon
  3975 | D:5      | XOM: potion effect (haste)
  3993 | D:5      | Danger: Low HP Warning |T2| Reason: 60% HP (25/41)
  4131 | D:5      | Reached XP level 6. HP: 45/47 MP: 6/6
  4169 | D:5      | Noticed a water moccasin
  4178 | D:5      | Killed a water moccasin
  4179 | D:5      | Reached skill level 5 in Unarmed Combat
  4288 | D:5      | XOM: silly message
  4608 | D:5      | Reached skill level 6 in Unarmed Combat
  4608 | D:5      | Reached XP level 7. HP: 52/52 MP: 7/7
  4743 | D:5      | Found a sparkling altar of Nemelex Xobeh.
  4894 | D:6      | XOM: divination: detect items
  5029 | D:6      | XOM: cloud trail
  5037 | D:6      | Noticed Grinder
  5038 | D:6      | Danger: Grinder |T3| Reason: Paralyse and low Will
  5038 | D:6      | Danger: Grinder |T2| Reason: Unique monster, careful!
  5039 | D:6      | Danger: Grinder |T3| Reason: Paralyse and low Will
  5040 | D:6      | Danger: Grinder |T3| Reason: Paralyse and low Will
  5041 | D:6      | Danger: Grinder |T3| Reason: Paralyse and low Will
  5042 | D:6      | Danger: Grinder |T3| Reason: Paralyse and low Will
  5043 | D:6      | Danger: Grinder |T3| Reason: Paralyse and low Will
  5044 | D:6      | Danger: Grinder |T3| Reason: Paralyse and low Will
  5045 | D:6      | Danger: Grinder |T3| Reason: Paralyse and low Will
  5046 | D:6      | Danger: Grinder |T3| Reason: Paralyse and low Will
  5047 | D:6      | Danger: Grinder |T3| Reason: Paralyse and low Will
  5048 | D:6      | Danger: Grinder |T3| Reason: Paralyse and low Will
  5049 | D:6      | Danger: Grinder |T3| Reason: Paralyse and low Will
  5050 | D:6      | Danger: Grinder |T3| Reason: Paralyse and low Will
  5051 | D:6      | Danger: Grinder |T3| Reason: Paralyse and low Will
  5052 | D:6      | Danger: Grinder |T3| Reason: Paralyse and low Will
  5053 | D:6      | Danger: Grinder |T3| Reason: Paralyse and low Will
  5054 | D:6      | Danger: Grinder |T3| Reason: Paralyse and low Will
  5055 | D:6      | Danger: Grinder |T3| Reason: Paralyse and low Will
  5056 | D:6      | Danger: Grinder |T3| Reason: Paralyse and low Will
  5057 | D:6      | Danger: Grinder |T3| Reason: Paralyse and low Will
  5057 | D:6      | Killed Grinder
  5058 | D:6      | Reached skill level 7 in Unarmed Combat
  5058 | D:6      | XOM: confuse monster(s)
  5065 | D:6      | Danger: Low HP Warning |T2| Reason: 57% HP (30/52)
  5065 | D:6      | XOM: cleaving
  5066 | D:6      | Danger: Low HP Warning |T2| Reason: 50% HP (26/52)
  5067 | D:6      | Danger: Low HP Warning |T2| Reason: 48% HP (25/52)
  5068 | D:6      | Danger: Low HP Warning |T2| Reason: 48% HP (25/52)
  5069 | D:6      | Danger: Low HP Warning |T2| Reason: 50% HP (26/52)
  5071 | D:5      | Danger: Low HP Warning |T3| Reason: 19% HP (10/52)
  5072 | D:5      | Danger: Low HP Warning |T3| Reason: 21% HP (11/52)
  5072 | D:5      | XOM: cleaving
  5073 | D:5      | Danger: Low HP Warning |T3| Reason: 21% HP (11/52)
  5073 | D:5      | XOM: enchant monster (good)
  5074 | D:5      | Danger: Low HP Warning |T3| Reason: 21% HP (11/52)
  5074 | D:5      | XOM: destruction
  5075 | D:5      | Danger: Low HP Warning |T3| Reason: 23% HP (12/52)
  5076 | D:5      | Danger: Low HP Warning |T3| Reason: 23% HP (12/52)
  5342 | D:5      | XOM: scenery: 1 doors close
  5347 | D:5      | XOM: silly message
  5372 | D:5      | XOM: god gift: 3 stones
  5436 | D:5      | XOM: divination: detect items
  5501 | D:5      | Found a sparkling altar of Nemelex Xobeh.
  5599 | D:5      | XOM: god gift: 5 stones
  5909 | D:6      | XOM: scenery: summon butterflies
  5912 | D:6      | XOM: scenery: summon butterflies
  5913 | D:6      | XOM: confuse monster(s)
  5927 | D:6      | Reached XP level 8. HP: 56/58 MP: 8/8
  5982 | D:5      | XOM: scenery: 1 doors close
  6036 | D:6      | Found a staircase to the Ecumenical Temple.
  6062 | D:6      | XOM: summons 2 friendly demons
  6088 | D:6      | Reached skill level 8 in Unarmed Combat
  6106 | D:6      | XOM: polymorph ufetubus -> white imp
  6116 | D:5      | Danger: Low HP Warning |T2| Reason: 53% HP (31/58)
  6117 | D:5      | Danger: Low HP Warning |T2| Reason: 50% HP (29/58)
  6118 | D:5      | Danger: Low HP Warning |T2| Reason: 43% HP (25/58)
  6119 | D:5      | Danger: Low HP Warning |T2| Reason: 44% HP (26/58)
  6120 | D:5      | Danger: Low HP Warning |T2| Reason: 43% HP (25/58)
  6121 | D:5      | Danger: Low HP Warning |T2| Reason: 43% HP (25/58)
  6122 | D:5      | Danger: Low HP Warning |T2| Reason: 44% HP (26/58)
  6123 | D:5      | Danger: Low HP Warning |T2| Reason: 44% HP (26/58)
  6145 | D:5      | XOM: god gift: 34 gold pieces
  6330 | D:6      | XOM: scenery: summon butterflies
  6341 | D:6      | XOM: cleaving
  6342 | D:6      | XOM: cast spell 'Chain of Chaos'
  6398 | D:6      | XOM: polymorph ogre -> bullfrog
  6399 | D:6      | XOM: enchant monster (bad)
  6414 | D:6      | Reached skill level 9 in Unarmed Combat
  6577 | D:6      | XOM: confuse monster(s)
  6605 | D:6      | Noticed Pikel
  6606 | D:6      | Danger: Pikel |T2| Reason: Unique monster, careful!
  6608 | D:6      | Danger: Pikel |T2| Reason: Unique monster, careful!
  6610 | D:6      | Danger: Pikel |T2| Reason: Unique monster, careful!
  6613 | D:6      | Danger: Pikel |T2| Reason: Unique monster, careful!
  6613 | D:6      | Pikel changed into Pikel the fire bat
  6613 | D:6      | Noticed Pikel
  6613 | D:6      | XOM: polymorph Pikel -> Pikel the fire bat
  6620 | D:6      | Found a shimmering altar of Xom.
  6620 | D:6      | XOM: 2-stop teleportation journey
  6632 | D:6      | XOM: 1-stop teleportation journey
  6646 | D:6      | XOM: god gift: +0 pair of boots of rampaging
  6647 | D:6      | XOM: swap monsters
  6650 | D:6      | Danger: Low HP Warning |T2| Reason: 58% HP (34/58)
  6650 | D:6      | Killed Pikel the fire bat
  6651 | D:6      | Danger: Low HP Warning |T2| Reason: 58% HP (34/58)
  6652 | D:6      | Danger: Low HP Warning |T2| Reason: 58% HP (34/58)
  6653 | D:6      | Danger: Low HP Warning |T2| Reason: 58% HP (34/58)
  6654 | D:6      | Danger: Low HP Warning |T2| Reason: 60% HP (35/58)
  6655 | D:6      | Danger: Low HP Warning |T2| Reason: 60% HP (35/58)
  6656 | D:6      | Danger: Low HP Warning |T2| Reason: 60% HP (35/58)
  6736 | D:6      | a sky beast changed into a blink frog
  6736 | D:6      | Noticed a blink frog
  6736 | D:6      | XOM: polymorph sky beast -> blink frog
  6740 | D:6      | XOM: noise
  6744 | D:6      | Killed a blink frog
  6918 | D:6      | Reached XP level 9. HP: 58/63 MP: 9/9
  7136 | D:6      | Reached skill level 10 in Unarmed Combat
  7138 | D:6      | Found an iron altar of Okawaru.
  7150 | D:6      | XOM: summons 5 hostile demons
  7151 | D:6      | Danger: ynoxinul |T2| Reason: Iron Shot deals more than 50%
                  | MHP!
  7267 | D:7      | Danger: Low HP Warning |T2| Reason: 60% HP (38/63)
  7267 | D:7      | XOM: chaos upgrade
  7268 | D:7      | Danger: Low HP Warning |T2| Reason: 42% HP (27/63)
  7269 | D:7      | Danger: Low HP Warning |T2| Reason: 31% HP (20/63)
  7270 | D:7      | Danger: Low HP Warning |T2| Reason: 33% HP (21/63)
  7271 | D:7      | Danger: Low HP Warning |T2| Reason: 28% HP (18/63)
  7272 | D:7      | Danger: Low HP Warning |T3| Reason: 25% HP (16/63)
  7273 | D:7      | Danger: Low HP Warning |T3| Reason: 25% HP (16/63)
  7274 | D:7      | Danger: Low HP Warning |T2| Reason: 26% HP (17/64)
  7275 | D:7      | Danger: Low HP Warning |T2| Reason: 26% HP (17/64)
  7276 | D:7      | Danger: Low HP Warning |T3| Reason: 25% HP (16/64)
  7278 | D:7      | XOM: 2-stop teleportation journey
  7279 | D:7      | Danger: Low HP Warning |T3| Reason: 25% HP (16/64)
  7280 | D:7      | Danger: Low HP Warning |T2| Reason: 26% HP (17/64)
  7281 | D:7      | Danger: Low HP Warning |T2| Reason: 26% HP (17/64)
  7282 | D:7      | Danger: Low HP Warning |T2| Reason: 26% HP (17/64)
  7283 | D:7      | Danger: Low HP Warning |T2| Reason: 28% HP (18/64)
  7743 | D:7      | XOM: noise
  7752 | D:7      | XOM: stat loss: -1 Str (16/17)
  7830 | D:7      | XOM: stat loss: -1 Str (16/17)
  7835 | D:7      | XOM: chaos upgrade
  7839 | D:7      | Reached skill level 5 in Fighting
  8123 | D:7      | XOM: divination: detect items
  8351 | D:7      | Noticed a troll
  8352 | D:7      | Danger: troll |T2| Reason: OOD monster, careful!
  8511 | D:7      | XOM: 3-stop teleportation journey
  8625 | D:7      | XOM: god gift: 6 stones
  8704 | D:7      | Danger: troll |T2| Reason: OOD monster, careful!
  8716 | D:7      | Danger: troll |T2| Reason: OOD monster, careful!
  8719 | D:7      | a troll changed into a golden eye
  8719 | D:7      | XOM: polymorph troll -> golden eye
  8720 | D:7      | Danger: golden eye |T2| Reason: Confusion Gaze and low Will
  8721 | D:7      | XOM: cleaving
  8722 | D:7      | XOM: scenery: summon butterflies
  8726 | D:7      | XOM: cast spell 'Summon Horrible Things'
  8798 | D:7      | XOM: summons 2 friendly demons
  8981 | D:7      | XOM: 2-stop teleportation journey
  9291 | D:8      | Danger: Low HP Warning |T2| Reason: 59% HP (43/72)
  9293 | D:8      | Danger: Low HP Warning |T2| Reason: 54% HP (39/72)
  9294 | D:8      | Danger: Low HP Warning |T2| Reason: 54% HP (39/72)
  9295 | D:8      | Danger: Low HP Warning |T2| Reason: 54% HP (39/72)
  9296 | D:8      | Danger: Low HP Warning |T2| Reason: 55% HP (40/72)
  9297 | D:8      | Danger: Low HP Warning |T2| Reason: 55% HP (40/72)
  9298 | D:8      | Danger: Low HP Warning |T2| Reason: 52% HP (38/72)
  9299 | D:8      | Danger: Low HP Warning |T2| Reason: 52% HP (38/72)
  9300 | D:8      | Danger: Low HP Warning |T2| Reason: 45% HP (33/72)
  9315 | D:8      | Found a basalt altar of Yredelemnul.
  9395 | D:8      | XOM: divine lightning
  9400 | D:8      | XOM: enchant monster (good)
  9409 | D:8      | XOM: 3-stop teleportation journey
  9471 | D:8      | Danger: killer bee simulacrum |T2| Reason: OOD monster,
                  | careful!
  9499 | D:8      | Found a sand-covered staircase.
  9506 | Ossuary  | Entered an ossuary
  9553 | Ossuary  | XOM: cleaving
  9651 | Ossuary  | XOM: blink monster(s)
  9814 | D:8      | XOM: stat loss: -1 Str (16/17)
  9940 | D:8      | XOM: summons 4 hostile demons
  9941 | D:8      | Danger: neqoxec |T2| Reason: Malmutator in LOS
  9941 | D:8      | Danger: neqoxec |T2| Reason: Malmutator in LOF!
  9945 | D:8      | Reached XP level 10. HP: 74/79 MP: 8/10
  9961 | D:8      | Danger: Low HP Warning |T2| Reason: 55% HP (44/79)
  9962 | D:8      | Danger: Low HP Warning |T2| Reason: 56% HP (45/79)
  9963 | D:8      | Danger: Low HP Warning |T2| Reason: 56% HP (45/79)
  9964 | D:8      | Danger: Low HP Warning |T2| Reason: 49% HP (39/79)
  9965 | D:8      | Danger: Low HP Warning |T2| Reason: 48% HP (38/79)
  9966 | D:8      | Danger: Low HP Warning |T2| Reason: 49% HP (39/79)
  9967 | D:8      | Danger: Low HP Warning |T2| Reason: 49% HP (39/79)
  9968 | D:8      | Danger: Low HP Warning |T2| Reason: 49% HP (39/79)
  9969 | D:8      | Danger: Low HP Warning |T2| Reason: 49% HP (39/79)
  9970 | D:8      | Danger: Low HP Warning |T2| Reason: 50% HP (40/79)
  9971 | D:8      | Danger: Low HP Warning |T2| Reason: 50% HP (40/79)
  9974 | D:8      | Danger: Low HP Warning |T2| Reason: 51% HP (41/79)
  9977 | D:8      | Danger: Low HP Warning |T2| Reason: 53% HP (42/79)
  9979 | D:8      | Danger: Low HP Warning |T2| Reason: 51% HP (41/79)
  9981 | D:8      | Danger: Low HP Warning |T2| Reason: 49% HP (39/79)
 10013 | D:8      | Danger: Low HP Warning |T2| Reason: 58% HP (46/79)
 10014 | D:8      | Danger: Low HP Warning |T2| Reason: 58% HP (46/79)
 10014 | D:8      | XOM: chaos cloud
 10015 | D:8      | Danger: Low HP Warning |T2| Reason: 59% HP (47/79)
 10016 | D:8      | Danger: Low HP Warning |T2| Reason: 55% HP (44/79)
 10017 | D:8      | Danger: Low HP Warning |T2| Reason: 55% HP (44/79)
 10018 | D:8      | Reached skill level 11 in Unarmed Combat
 10185 | D:8      | Danger: Low HP Warning |T2| Reason: 58% HP (46/79)
 10186 | D:8      | Danger: Low HP Warning |T2| Reason: 59% HP (47/79)
 10580 | D:8      | XOM: fake destruction
 10621 | D:9      | XOM: summons 9 friendly demons
 10644 | D:9      | Danger: Low HP Warning |T2| Reason: 55% HP (44/79)
 10645 | D:9      | Danger: Low HP Warning |T2| Reason: 51% HP (41/79)
 10646 | D:9      | Danger: Low HP Warning |T2| Reason: 51% HP (41/79)
 10647 | D:9      | Danger: Low HP Warning |T2| Reason: 51% HP (41/79)
 10648 | D:9      | Danger: Low HP Warning |T2| Reason: 53% HP (42/79)
 10649 | D:9      | Danger: Low HP Warning |T2| Reason: 53% HP (42/79)
 10651 | D:8      | Danger: Low HP Warning |T2| Reason: 51% HP (41/79)
 10652 | D:8      | Danger: Low HP Warning |T2| Reason: 51% HP (41/79)
 10653 | D:8      | Danger: Low HP Warning |T2| Reason: 51% HP (41/79)
 10654 | D:8      | Danger: Low HP Warning |T2| Reason: 45% HP (36/79)
 10655 | D:8      | Danger: Low HP Warning |T2| Reason: 45% HP (36/79)
 10839 | D:9      | XOM: chaos upgrade
 10962 | D:9      | Danger: slime creature |T2| Reason: OOD monster, careful!
 10962 | D:9      | Danger: slime creature |T2| Reason: OOD monster, careful!
 10962 | D:9      | Danger: slime creature |T2| Reason: OOD monster, careful!
 10963 | D:9      | Danger: large slime creature |T2| Reason: OOD monster,
                  | careful!
 10964 | D:9      | Danger: large slime creature |T2| Reason: OOD monster,
                  | careful!
 10965 | D:9      | Danger: slime creature |T2| Reason: OOD monster, careful!
 10967 | D:9      | Danger: very large slime creature |T2| Reason: OOD monster,
                  | careful!
 10971 | D:9      | XOM: enchant monster (good)
 10974 | D:9      | Danger: slime creature |T2| Reason: OOD monster, careful!
 10974 | D:9      | Danger: large slime creature |T2| Reason: OOD monster,
                  | careful!
 10975 | D:9      | XOM: cleaving
 10977 | D:9      | Danger: very large slime creature |T2| Reason: OOD monster,
                  | careful!
 10979 | D:8      | Danger: Low HP Warning |T2| Reason: 43% HP (34/79)
 10980 | D:8      | Danger: Low HP Warning |T2| Reason: 43% HP (34/79)
 10981 | D:8      | Danger: Low HP Warning |T2| Reason: 43% HP (34/79)
 10982 | D:8      | Danger: Low HP Warning |T2| Reason: 44% HP (35/79)
 10983 | D:8      | Danger: Low HP Warning |T2| Reason: 44% HP (35/79)
 10984 | D:8      | Danger: Low HP Warning |T2| Reason: 44% HP (35/79)
 10985 | D:8      | Danger: Low HP Warning |T2| Reason: 45% HP (36/79)
 10986 | D:8      | Danger: Low HP Warning |T2| Reason: 45% HP (36/79)
 10987 | D:8      | Danger: Low HP Warning |T2| Reason: 45% HP (36/79)
 10988 | D:8      | Danger: slime creature |T2| Reason: OOD monster, careful!
 10988 | D:8      | Danger: Low HP Warning |T2| Reason: 46% HP (37/79)
 10989 | D:8      | Danger: slime creature |T2| Reason: OOD monster, careful!
 10989 | D:8      | Danger: Low HP Warning |T2| Reason: 46% HP (37/79)
 10990 | D:8      | Danger: Low HP Warning |T2| Reason: 46% HP (37/79)
 10991 | D:8      | Danger: Low HP Warning |T2| Reason: 48% HP (38/79)
 10992 | D:8      | Danger: Low HP Warning |T2| Reason: 48% HP (38/79)
 10993 | D:8      | Danger: Low HP Warning |T2| Reason: 48% HP (38/79)
 10994 | D:8      | Danger: Low HP Warning |T2| Reason: 49% HP (39/79)
 10995 | D:8      | Danger: Low HP Warning |T2| Reason: 49% HP (39/79)
 10995 | D:8      | XOM: confuse monster(s)
 10996 | D:8      | Danger: Low HP Warning |T2| Reason: 49% HP (39/79)
 10997 | D:8      | Danger: slime creature |T2| Reason: OOD monster, careful!
 10997 | D:8      | Danger: Low HP Warning |T2| Reason: 50% HP (40/79)
 10998 | D:8      | Danger: Low HP Warning |T2| Reason: 50% HP (40/79)
 10999 | D:8      | Danger: Low HP Warning |T2| Reason: 50% HP (40/79)
 11000 | D:8      | Danger: Low HP Warning |T2| Reason: 50% HP (40/79)
 11001 | D:8      | Danger: Low HP Warning |T2| Reason: 51% HP (41/79)
 11011 | D:8      | Danger: slime creature |T2| Reason: OOD monster, careful!
 11011 | D:8      | Danger: Low HP Warning |T2| Reason: 55% HP (44/79)
 11012 | D:8      | Danger: Low HP Warning |T2| Reason: 55% HP (44/79)
 11013 | D:8      | Danger: Low HP Warning |T2| Reason: 56% HP (45/79)
 11014 | D:8      | Danger: Low HP Warning |T2| Reason: 56% HP (45/79)
 11015 | D:8      | Danger: Low HP Warning |T2| Reason: 56% HP (45/79)
 11016 | D:8      | Danger: Low HP Warning |T2| Reason: 58% HP (46/79)
 11017 | D:8      | Danger: Low HP Warning |T2| Reason: 58% HP (46/79)
 11018 | D:8      | Danger: Low HP Warning |T2| Reason: 58% HP (46/79)
 11019 | D:8      | Danger: Low HP Warning |T2| Reason: 59% HP (47/79)
 11020 | D:8      | Danger: Low HP Warning |T2| Reason: 59% HP (47/79)
 11021 | D:8      | Danger: Low HP Warning |T2| Reason: 59% HP (47/79)
 11023 | D:8      | Danger: slime creature |T2| Reason: OOD monster, careful!
 11023 | D:8      | Danger: Low HP Warning |T2| Reason: 60% HP (48/79)
 11024 | D:8      | Danger: Low HP Warning |T2| Reason: 60% HP (48/79)
 11117 | D:8      | Danger: slime creature |T2| Reason: OOD monster, careful!
 11146 | D:8      | Danger: slime creature |T2| Reason: OOD monster, careful!
 11205 | D:9      | XOM: summons 6 hostile demons
 11243 | D:9      | Danger: slime creature |T2| Reason: OOD monster, careful!
 11278 | D:9      | Danger: slime creature |T2| Reason: OOD monster, careful!
 11278 | D:9      | Danger: slime creature |T2| Reason: OOD monster, careful!
 11278 | D:9      | Danger: slime creature |T2| Reason: OOD monster, careful!
 11287 | D:8      | Reached skill level 12 in Unarmed Combat
 11290 | D:9      | Danger: slime creature |T2| Reason: OOD monster, careful!
 11290 | D:9      | Danger: slime creature |T2| Reason: OOD monster, careful!
 11391 | D:9      | Danger: slime creature |T2| Reason: OOD monster, careful!
 11571 | D:9      | XOM: 4-stop teleportation journey
 11620 | D:9      | Found a staircase to the Lair.
 11622 | D:9      | Danger: orc priest |T2| Reason: carrying a wand of acid
                  | (2), careful!
 11624 | D:9      | XOM: blink monster(s)
 11627 | D:9      | Danger: orc priest |T2| Reason: carrying a wand of acid
                  | (1), careful!
 11630 | D:9      | Danger: Low HP Warning |T2| Reason: 56% HP (45/80)
 11631 | D:9      | Danger: Low HP Warning |T2| Reason: 47% HP (38/80)
 11632 | D:9      | Danger: Low HP Warning |T2| Reason: 41% HP (33/80)
 11632 | D:9      | XOM: repel stairs
 11633 | D:9      | Danger: Low HP Warning |T2| Reason: 26% HP (21/80)
 11634 | D:9      | Danger: Low HP Warning |T2| Reason: 27% HP (22/80)
 11635 | D:9      | Danger: Low HP Warning |T2| Reason: 27% HP (22/80)
 11636 | D:9      | Danger: Low HP Warning |T2| Reason: 27% HP (22/80)
 11637 | D:9      | Danger: Low HP Warning |T2| Reason: 28% HP (23/80)
 11638 | D:9      | Danger: Low HP Warning |T2| Reason: 28% HP (23/80)
 11638 | D:9      | XOM: summons 6 hostile demons
 11639 | D:9      | Noticed a rust devil
 11639 | D:9      | Danger: neqoxec |T2| Reason: Malmutator in LOS
 11639 | D:9      | Danger: neqoxec |T2| Reason: Malmutator in LOF!
 11639 | D:9      | Danger: Low HP Warning |T2| Reason: 28% HP (23/80)
 11640 | D:9      | Danger: Low HP Warning |T2| Reason: 30% HP (24/80)
 11641 | D:9      | Danger: Low HP Warning |T2| Reason: 30% HP (24/80)
 11642 | D:9      | Danger: Low HP Warning |T2| Reason: 27% HP (22/80)
 11643 | D:9      | Danger: Low HP Warning |T2| Reason: 28% HP (23/80)
 11644 | D:9      | Danger: Low HP Warning |T2| Reason: 28% HP (23/80)
 11645 | D:9      | Danger: Low HP Warning |T2| Reason: 28% HP (23/80)
 11646 | D:9      | Danger: Low HP Warning |T2| Reason: 30% HP (24/80)
 11647 | D:9      | Danger: Low HP Warning |T2| Reason: 30% HP (24/80)
 11648 | D:9      | Danger: Low HP Warning |T2| Reason: 30% HP (24/80)
 11770 | D:8      | XOM is BORED!
 11770 | D:8      | XOM: stat loss: -3 Int (10/13)
 11871 | D:9      | XOM: polymorph orc priest -> steam dragon
 12012 | D:9      | XOM: swap monsters
 12153 | D:10     | Entered Level 10 of the Dungeon
 12287 | D:10     | Noticed Sonja
 12288 | D:10     | Danger: Sonja |T2| Reason: Unique monster, careful!
 12292 | D:10     | XOM: cleaving
 12302 | D:10     | Danger: Low HP Warning |T2| Reason: 46% HP (38/82)
 12303 | D:10     | Danger: Low HP Warning |T2| Reason: 26% HP (22/82)
 12304 | D:10     | Danger: Low HP Warning |T3| Reason: 19% HP (16/82)
 12304 | D:10     | XOM: fake destruction
 12305 | D:10     | Danger: Low HP Warning |T3| Reason: 8% HP (7/82)
 12306 | D:10     | Danger: Low HP Warning |T3| Reason: 8% HP (7/82)
 12307 | D:10     | Danger: Low HP Warning |T3| Reason: 8% HP (7/82)
 12308 | D:10     | Danger: Low HP Warning |T3| Reason: 9% HP (8/82)
 12309 | D:10     | Killed Sonja
 12408 | D:10     | Noticed a gargoyle
 12409 | D:10     | Danger: Low HP Warning |T2| Reason: 49% HP (41/83)
 12412 | D:10     | Noticed Joseph
 12412 | D:10     | XOM: cast spell 'Summon Small Mammal'
 12414 | D:10     | Danger: Low HP Warning |T2| Reason: 49% HP (41/83)
 12415 | D:10     | Danger: Joseph |T2| Reason: Unique monster, careful!
 12415 | D:10     | Danger: Low HP Warning |T2| Reason: 49% HP (41/83)
 12416 | D:10     | Danger: Low HP Warning |T2| Reason: 49% HP (41/83)
 12416 | D:10     | Found the +7 Kryia's mail coat {PotionHeal*2 rC+}
 12418 | D:10     | Noticed a two-headed ogre
 12419 | D:10     | Danger: Low HP Warning |T2| Reason: 50% HP (42/83)
 12420 | D:10     | Danger: Low HP Warning |T2| Reason: 51% HP (43/83)
 12420 | D:10     | Noticed Nergalle
 12421 | D:10     | Danger: Nergalle |T2| Reason: Unique monster, careful!
 12421 | D:10     | Danger: Nergalle |T2| Reason: Bolt of Draining deals more
                  | than 50% MHP!
 12421 | D:10     | Danger: Nergalle |T3| Reason: IMMINENT DEATH: Bolt of
                  | Draining deals 54 damage, you have 43 HP!!
 12421 | D:10     | Danger: Low HP Warning |T2| Reason: 51% HP (43/83)
 12422 | D:10     | Danger: Nergalle |T3| Reason: IMMINENT DEATH: Bolt of
                  | Draining deals 54 damage, you have 43 HP!!
 12422 | D:10     | Danger: Low HP Warning |T2| Reason: 51% HP (43/83)
 12423 | D:10     | Danger: Nergalle |T3| Reason: IMMINENT DEATH: Bolt of
                  | Draining deals 54 damage, you have 44 HP!!
 12423 | D:10     | Danger: Low HP Warning |T2| Reason: 53% HP (44/83)
 12424 | D:10     | Danger: Nergalle |T3| Reason: IMMINENT DEATH: Bolt of
                  | Draining deals 54 damage, you have 44 HP!!
 12424 | D:10     | Danger: Low HP Warning |T2| Reason: 53% HP (44/83)
 12425 | D:10     | Danger: Nergalle |T3| Reason: IMMINENT DEATH: Bolt of
                  | Draining deals 54 damage, you have 44 HP!!
 12425 | D:10     | Danger: Low HP Warning |T2| Reason: 53% HP (44/83)
 12426 | D:10     | Danger: Low HP Warning |T2| Reason: 54% HP (45/83)
 12427 | D:10     | Danger: Low HP Warning |T2| Reason: 54% HP (45/83)
 12428 | D:10     | Danger: Low HP Warning |T2| Reason: 54% HP (45/83)
 12429 | D:10     | Danger: Low HP Warning |T2| Reason: 55% HP (46/83)
 12430 | D:10     | Danger: Low HP Warning |T2| Reason: 55% HP (46/83)
 12431 | D:10     | Danger: Low HP Warning |T2| Reason: 55% HP (46/83)
 12432 | D:10     | Danger: Low HP Warning |T2| Reason: 55% HP (46/83)
 12433 | D:10     | Danger: Low HP Warning |T2| Reason: 56% HP (47/83)
 12434 | D:10     | Danger: Low HP Warning |T2| Reason: 56% HP (47/83)
 12435 | D:10     | Danger: Low HP Warning |T2| Reason: 56% HP (47/83)
 12436 | D:10     | Danger: Low HP Warning |T2| Reason: 56% HP (47/83)
 12437 | D:10     | Danger: Low HP Warning |T2| Reason: 57% HP (48/83)
 12438 | D:10     | Danger: Low HP Warning |T2| Reason: 57% HP (48/83)
 12706 | D:10     | a yak changed into a harpy
 12706 | D:10     | Noticed a harpy
 12706 | D:10     | XOM: polymorph yak -> harpy
 12707 | D:10     | Danger: harpy |T2| Reason: OOD monster, careful!
 12707 | D:10     | XOM: scenery: create altars
 12709 | D:10     | XOM: scenery: summon butterflies
 12711 | D:10     | XOM: potion effect (heal wounds)
 12712 | D:10     | XOM: cast spell 'Discord'
 12713 | D:10     | Reached XP level 11. HP: 75/90 MP: 7/11
 12715 | D:10     | Reached skill level 10 in Fighting
 12719 | D:10     | Slain by a harpy

Illustrated notes

Levels and vault maps discovered:
D:1:      nicolae_arrival_somewhat_less_tricky_arrival, layout_loops_cross,
          st_stairs_2, hex_tiny, lexackson_kobold_supper
D:2:      layout_loops_corners, basic_altar
D:3:      layout_loops_ring, nicolae_qazlal_general_emergency,
          shapermc_ecumenical_altar_acropolis
D:4:      layout_loops_corners, grunt_temple_overflow_magic_moments
D:5:      layout_basic, lemuel_round_altar
D:6:      layout_cave_pools, xom_confusion_cloud, okawaru_altar_gauntlet_db,
          minmay_temple_entry_mist, serial_park, serial_park_square3
          [serial_park_minivault_5x5_6], serial_park_square1
          [serial_park_minivault_5x5_2], serial_park_tiny_1,
          serial_park_tiny_pond, uniq_pikel, uniq_grinder
D:7:      minmay_octagon_keep, layout_loops_corners, minmay_hedge_maze
D:8:      layout_basic, grunt_temple_overflow_holy_war, enter_ossuary_4,
          serial_ice, serial_ice_a, serial_ice_h, serial_ice_n, serial_ice_e
D:9:      layout_rooms, elyvilon_altar_5, erik_lair_orcish_takeover
D:10:     layout_loops_ring, mainiacjoe_overflow_tiny_flanked,
          mainiacjoe_overflow_24_doors, chequers_serial_rivers_room_a,
          kennysheep_generic_room_3, uniq_nergalle, uniq_sonja, uniq_joseph

Skill      XL: |  1  2  3  4  5  6  7  8  9 10 11 |
---------------+----------------------------------+-----
Unarmed Combat | 1 2 3 4 6 7 9 10 12 | 12.0
Fighting       | 7 9 10 | 10.0
Polearms       | |  2.4
Armour         | |  1.5
Dodging        | |  0.7

Action                     |  1- 3 |  4- 6 |  7- 9 | 10-12 || total
---------------------------+-------+-------+-------+-------++-------
  Melee: Spear             |   112 |       |       |       ||   112
         Punch             |     2 |     9 |    29 |    22 ||    62
         Dagger            |    16 |    46 |       |       ||    62
         Quarterstaff      |     9 |       |       |       ||     9
         Whip              |       |   168 |   150 |       ||   318
         Unarmed           |       |       |   329 |   281 ||   610
  Throw: Dart              |       |     1 |    22 |    10 ||    33
         Throwing net      |       |       |     1 |     1 ||     2
         Stone             |       |       |    13 |     9 ||    22
  Evoke: Piece from Xom's  |     3 |     3 |     3 |     8 ||    17
         Wand              |       |     2 |    10 |     2 ||    14
    Use: Scroll            |       |     9 |    14 |    10 ||    33
   Stab: Petrifying        |     1 |       |       |       ||     1
         Sleeping          |       |     4 |       |       ||     4
         Paralysed         |       |     4 |       |       ||     4
         Petrified         |       |       |    11 |       ||    11
         Distracted        |       |       |       |     1 ||     1
 Armour: Leather armour    |    46 |    40 |       |       ||    86
         Ring mail         |       |    72 |   216 |   133 ||   421
  Dodge: Dodged            |    62 |   105 |   244 |   145 ||   556

Table legend: (Time is in decaauts)
 A = Elapsed time spent in this place.
 B = Non-inter-level travel time spent in this place.
 C = Inter-level travel time spent in this place.
 D = Time resting spent in this place.
 E = Time spent auto-exploring this place.
 F = Levels seen in this place.
 G = Mean time per level.
                   A        B        C        D        E       F      G
               +--------+--------+--------+--------+--------+-----+--------+
         Total |  12605 |  11926 |    679 |   1710 |   6477 |  11 | 1145.9 |
       Dungeon |  12379 |  11700 |    679 |   1710 |   6420 |  10 | 1237.9 |
       Ossuary |    225 |    225 |      0 |      0 |     57 |   1 |  225.0 |
               +--------+--------+--------+--------+--------+-----+--------+

Top non-repeatable levels by time:
     D:5: 2357 daAuts
     D:7: 1967 daAuts
     D:8: 1881 daAuts
     D:4: 1228 daAuts
     D:1: 1024 daAuts
     D:2: 940 daAuts
     D:6: 925 daAuts
     D:9: 809 daAuts
     D:3: 746 daAuts
    D:10: 500 daAuts
 Ossuary: 225 daAuts
